 Dungeon Crawl Stone Soup version 0.24-a0-365-ga4d96b6e6e (webtiles) character file.

Game seed: 15573397174462698614

288 emperorscorpion the Covert (level 6, 19/30 HPs)
             Began as a Spriggan Assassin on May 25, 2019.
             Quit the game on level 6 of the Dungeon on May 27, 2019.
             The game lasted 00:03:09 (426 turns).

emperorscorpion the Covert (Spriggan Assassin)       Turns: 426, Time: 00:03:10

Health: 19/30      AC:  4    Str:  7    XL:     6   Next: 9%
Magic:  7/7        EV: 17    Int: 12    God:
Gold:   31         SH:  0    Dex: 20    Spells: 5/5 levels left

rFire    . . .     SeeInvis +   a - +2 dagger
rCold    . . .     Gourm    .   (shield restricted)
rNeg     . . .     Faith    .   b - +0 robe
rPois    .         Spirit   .   h - +1 hat
rElec    .         Reflect  .   c - +0 cloak
rCorr    .         Harm     .   (gloves unavailable)
MR       +....                  (boots unavailable)
Stlth    +++++.....             (no amulet)
HPRegen  0.10/turn              (no ring)
MPRegen  0.10/turn              (no ring)

@: very quick
A: very small, unfitting armour, see invisible, herbivore, speed 3, slow
metabolism 2
a: no special abilities


You were on level 6 of the Dungeon.
You were not hungry.

You visited 1 branch of the dungeon, and saw 6 of its levels.

You collected 31 gold pieces.

Inventory:

Hand Weapons
 a - a +2 dagger (weapon)
 m - a +3 short sword
Missiles
 d - 8 poisoned darts (quivered)
 e - 2 curare-tipped darts
Armour
 b - a +0 robe (worn)
 c - a +0 cloak (worn)
 h - a +1 hat (worn)
Scrolls
 g - a scroll of fear {unknown}
 i - 2 scrolls of enchant armour {unknown}
 k - a scroll of vulnerability {unknown}
 l - a scroll of fog {unknown}
Potions
 j - a potion of curing {unknown}
 n - a potion of haste {unknown}
Comestibles
 f - a ration


   Skills:
 + Level 1.9 Fighting
 + Level 3.4 Short Blades
 + Level 2.2 Throwing
 + Level 2.1 Dodging
 + Level 10.0 Stealth


You had 5 spell levels left.
You didn't know any spells.
Your spell library was empty.

Dungeon Overview and Level Annotations

Branches:
Dungeon (6/15)
 Temple: D:4-7

Altars:


Innate Abilities, Weirdness & Mutations

You are very small and have problems with some larger weapons.
You are too small for most types of armour.
You have supernaturally acute eyesight. (SInv)
You are a herbivore.
You cover ground extremely quickly.
You need to consume almost no food.


Message History

There is a stone staircase leading up here.
Found a ration.
Things that are here:
a +3 short sword; a +0 robe
m - a +3 short sword The hound barely misses you.
You barely miss the hound. The hound bites you.
You hit the hound but do no damage. The hound bites you.
The hound completely misses you.
You see here a smoky purple potion.
n - a smoky purple potion The hound barely misses you.
The hound closely misses you. The leopard gecko zombie bites you.
Saving game... please wait.
Welcome back, emperorscorpion the Spriggan Assassin.
Press ? for a list of commands and other information.
Saving game... please wait.
Welcome back, emperorscorpion the Spriggan Assassin.
Press ? for a list of commands and other information.
Are you sure you want to abandon this character and quit the game? (Confirm with "yes".)

...#....#
#......# #..#.#
#####...#######..
#................
#.........###...
#........[#
#hZ......<#
#@......[.#
#.......[...#
#.########### #.
#


You could see a hound and a leopard gecko zombie.

Vanquished Creatures
  An ogre (D:4)
  3 wights (D:6)
  A bullfrog skeleton (D:4)
  A worker ant (D:5)
  A shadow imp (D:5)
  An adder skeleton (D:5)
  2 orcs (D:5)
  A giant cockroach (D:4)
  A goblin (D:3)
  A kobold (D:1)
  2 quokkas
  3 bats (D:1)
18 creatures vanquished.

Notes
Turn   | Place    | Note
-------+----------+-------------------------------------------
     0 | D:1      | emperorscorpion the Spriggan Assassin began the quest for
                  | the Orb.
     0 | D:1      | Reached XP level 1. HP: 10/10 MP: 2/2
    24 | D:1      | Reached skill level 6 in Stealth
    95 | D:1      | You fall into a shaft and drop 1 floor!
   223 | D:3      | Reached XP level 2. HP: 14/14 MP: 3/3
   228 | D:4      | Noticed an ogre
   231 | D:4      | Killed an ogre
   231 | D:4      | Reached skill level 8 in Stealth
   231 | D:4      | Reached XP level 3. HP: 18/18 MP: 4/4
   231 | D:4      | Reached XP level 4. HP: 23/23 MP: 5/5
   309 | D:5      | Entered Level 5 of the Dungeon
   337 | D:5      | Reached XP level 5. HP: 26/26 MP: 6/6
   346 | D:5      | Reached skill level 9 in Stealth
   406 | D:6      | Reached skill level 10 in Stealth
   406 | D:6      | Reached XP level 6. HP: 25/30 MP: 7/7
   426 | D:6      | Upgraded the game from 0.24-a0-358-g53aee78b01 to
                  | 0.24-a0-365-ga4d96b6e6e
   426 | D:6      | Quit the game

Levels and vault maps discovered:
D:1:      minmay_arrival_stone_box, layout_basic, ebering_dispersal_statue_hall,
          chequers_jeans, serial_bayou_pond_c
D:2:      layout_basic, minmay_diced_spiral
D:3:      layout_basic, okawaru_gym_becter, first_ration, uniq_grinder
D:4:      layout_basic, nicolae_overflow_crystal_walls,
          minmay_temple_entry_waves, uniq_ijyb, uniq_menkaure
D:5:      layout_rooms, old_standard_altar, lemuel_doored_altar,
          gammafunk_ghost_necromancy, minmay_pentangle
D:6:      minmay_diamond_boxcup, layout_rooms, kennysheep_mini,
          gammafunk_ghost_nasty_kobolds, minmay_fountain_box, solitary_fountain,
          st_stairs_10, brannock_xom_greatest_gift, uniq_pikel

Skill      XL: |  1  2  3  4  5 |
---------------+----------------+-----
Stealth        | 6 8 10 | 10.0
Dodging        | 2 |  2.1
Short Blades   | 3 |  3.4
Fighting       | |  1.9
Throwing       | |  2.2

Action                   |  1- 3 |  4- 6 || total
-------------------------+-------+-------++-------
Melee: Dagger            |    21 |    13 ||    34
 Stab: Sleeping          |     4 |     9 ||    13
Armor: Robe              |     6 |       ||     6
Dodge: Dodged            |    19 |     6 ||    25

Table legend:
 A = Non-vault XP
 B = Vault XP
 C = Vault XP percentage of total XP
 D = Non-vault monster count
 E = Vault monster count
 F = Vault count percentage of total count
                 A         B        C        D         E       F
            +---------+---------+-------+---------+---------+-------
      Total |     412 |       0 |   0.0 |      18 |       0 |   0.0
            +---------+---------+-------+---------+---------+-------
        D:1 |       7 |       0 |   0.0 |       4 |       0 |   0.0
        D:2 |       2 |       0 |   0.0 |       1 |       0 |   0.0
        D:3 |       4 |       0 |   0.0 |       2 |       0 |   0.0
        D:4 |     163 |       0 |   0.0 |       3 |       0 |   0.0
        D:5 |      56 |       0 |   0.0 |       5 |       0 |   0.0
        D:6 |     180 |       0 |   0.0 |       3 |       0 |   0.0
            +---------+---------+-------+---------+---------+-------
